 Dungeon Crawl Stone Soup version 0.30-a0-782-ge64f9170bb (webtiles) character file.

Game seed: 11356378618185046249

41117 browni3141 the Fighter (level 13, -2/89 (93) HPs)
             Began as a Demonspawn Gladiator on Feb 19, 2023.
             Was a High Priest of Wu Jian.
             Slain by an orc knight
             ... wielding a +0 great mace
              (36 damage)
             ... on level 1 of the Orcish Mines.
             The game lasted 01:00:01 (20569 turns).

browni3141 the Fighter (Demonspawn Gladiator)      Turns: 20569, Time: 01:00:01

HP:   -2/89 (93)    AC: 23    Str: 18    XL:     13   Next: 78%
MP:   0/17          EV: 14    Int: 15    God:    Wu Jian [*****.]
Gold: 949           SH:  0    Dex: 15    Spells: 15/18 levels left

rFire   . . .      SeeInvis .      - Unarmed
rCold   + + .      Faith    .    (no shield)
rNeg    . . .      Spirit   +    l - +0 ice dragon scales
rPois   .          Reflect  .    (helmet currently unavailable)
rElec   .          Harm     .    B - +2 cloak {Will+}
rCorr   .          Rampage  .    (no gloves)
Will    +....                    (boots currently unavailable)
Stlth   +++                      t - amulet of guardian spirit
HPRegen 0.34/turn                G - ring of protection from fire
MPRegen 0.15/turn                W - +4 ring of protection

@: lethally poisoned (-2 -> -25), exhausted, appendages (expiring), marked,
wereblooded, lightly drained
A: horns 2, talons 2, hooves 2, powered by death 1, sharp scales 3, thin
skeletal structure 1, clever 1, frail 1, noise suppression
a: End Transformation, Renounce Religion, Wall Jump, Serpent's Lash, Heavenly
Storm


You were on level 1 of the Orcish Mines.
You worshipped Wu Jian.
Wu Jian was extremely pleased with you.
You had temporarily grown beastly horns and talons.
You visited 4 branches of the dungeon, and saw 18 of its levels.
You also visited: Ice Cave.

You collected 1230 gold pieces.
You spent 281 gold pieces at shops.

Inventory:

Hand Weapons
 b - the +4 whip of Peace {venom, Dex+5}
   (You found it on level 2 of the Dungeon)

   Dex:       It affects your dexterity (+5).
Missiles
 c - 7 throwing nets
 v - 33 poisoned darts
 C - 6 javelins
 Z - 4 curare-tipped darts
Armour
 k - a +0 kite shield
 l - +0 ice dragon scales (worn)
 o - a +1 pair of boots (melded)
 B - a +2 cloak of willpower (worn)
 L - a +2 helmet of see invisible (melded)
Jewellery
 f - a ring of protection from fire
 i - a ring of positive energy
 j - a ring of ice
 m - an amulet of faith
 n - a +6 ring of strength
 q - a +6 ring of intelligence
 s - a ring of protection from cold
 t - an amulet of guardian spirit (around neck)
 F - a ring of ice
 G - a ring of protection from fire (left hand)
 S - a ring of poison resistance
 V - a ring of fire
 W - a +4 ring of protection (right hand)
 Y - an amulet of reflection
Wands
 d - a wand of charming (1)
 r - a wand of flame (3)
Scrolls
 a - a scroll of identify
 e - 4 scrolls of teleportation
 p - a scroll of enchant armour
 u - 2 scrolls of vulnerability
 w - 5 scrolls of noise
 x - 3 scrolls of silence
 y - 3 scrolls of torment {unknown}
 I - a scroll of immolation {unknown}
 J - 5 scrolls of enchant weapon {unknown}
 K - 4 scrolls of amnesia {unknown}
 N - 2 scrolls of acquirement {unknown}
 T - 2 scrolls of fog {unknown}
Potions
 g - a potion of experience {unknown}
 h - 2 potions of berserk rage {unknown}
 z - 5 potions of curing
 A - 2 potions of flight {unknown}
 D - a potion of invisibility {unknown}
 H - 2 potions of cancellation {unknown}
 M - a potion of brilliance {unknown}
 O - 3 potions of degeneration {unknown}
 Q - 2 potions of might {unknown}
 R - 3 potions of magic {unknown}
 U - a potion of lignification {unknown}
 X - 2 potions of ambrosia {unknown}


   Skills:
 + Level 10.4 Fighting
 - Level 1.5 Short Blades
 - Level 5.0 Maces & Flails
 - Level 2.0 Throwing
 + Level 8.8 Armour
 + Level 10.1 Dodging
 - Level 6.0 Stealth
 - Level 10.0 Unarmed Combat
 - Level 3.0 Spellcasting
 - Level 8.0 Transmutations
 - Level 5.0 Evocations


You had 15 spell levels left.
You knew the following spells:

 Your Spells              Type           Power      Damage    Failure   Level
a - Wereblood             Tmut           26%        N/A       3%          2
b - Beastly Appendage     Tmut           52%        N/A       2%          1

Your spell library contained the following spells:

 Spells                   Type           Power      Damage    Failure   Level
 Spider Form              Tmut/Pois      14%        N/A       36%         3
 Freeze                   Ice            8%         1d3       54%         1
 Necrotise                Necr           8%         1d4       54%         1
 Static Discharge         Conj/Air       4%         2-3/arc   69%         2
 Ice Form                 Ice/Tmut       14%        N/A       77%         4
 Frozen Ramparts          Ice            4%         1d1       89%         3
 Gell's Gravitas          Tloc           2%         N/A       89%         3
 Hailstorm                Conj/Ice       2%         3d3       89%         3
 Ozocubu's Armour         Ice            2%         N/A       89%         3
 Summon Guardian Golem    Hex/Summ       2%         N/A       89%         3
 Teleport Other           Tloc           2%         N/A       89%         3
 Vhi's Electric Charge    Tloc/Air       4%         N/A       89%         3
 Anguish                  Hex/Necr       1%         N/A       100%        4
 Iskenderun's Mystic Bla  Conj/Tloc      2%         2d3       100%        4
 Manifold Assault         Tloc           2%         N/A       100%        4
 Olgreb's Toxic Radiance  Pois           2%         N/A       100%        4
 Summon Ice Beast         Ice/Summ       2%         N/A       100%        4
 Arcjolt                  Conj/Air       1%         1d11      100%        5
 Iskenderun's Battlesphe  Conj           2%         2d6       100%        5
 Lightning Bolt           Conj/Air       1%         1d12      100%        5
 Summon Forest            Summ/Tloc      1%         N/A       100%        5
 Dispersal                Tloc           1%         N/A       100%        6
 Iron Shot                Conj/Erth      1%         9d1       100%        6
 Enfeeble                 Hex            1%         N/A       100%        7
 Orb of Destruction       Conj           1%         9d5       100%        7
 Ozocubu's Refrigeration  Ice            1%         4d7       100%        7
 Spellforged Servitor     Conj/Summ      1%         N/A       100%        7
 Borgnjor's Revivificati  Necr           1%         N/A       100%        8
 Ignition                 Fire           1%         3d3       100%        8
 Necromutation            Tmut/Necr      7%         N/A       100%        8
 Death's Door             Necr           1%         N/A       100%        9


Dungeon Overview and Level Annotations

Branches:
Dungeon (11/15)            Temple (1/1) D:5            Lair (5/5) D:11
 Shoals (0/4) Lair:2        Snake (0/4) Lair:2        Slime (0/5) Lair:4
    Orc (1/2) D:11          IceCv (visited)

Altars:
Ashenzari
Cheibriados
Dithmenos
Fedhas
Gozag
Hepliaklqana
Kikubaaqudgha
Makhleb
Nemelex Xobeh
Okawaru
Qazlal
Ru
Sif Muna
Trog
Uskayaw
Vehumet
Wu Jian
Xom
Yredelemnul
Jiyva

Shops:
D:3 *   D:4 [

Annotations:
D:10 Erolcha
Lair:2 3 runed translucent doors, Smoke131's ghost, journeyman OgGl
Lair:4 1 runed translucent door, 2 transporters


Innate Abilities, Weirdness & Mutations

You have temporarily grown beastly horns and talons.
You have hoof-like feet.
You regenerate a little health from kills.
You are completely covered in razor-sharp scales. (AC +3, Slay +3)
You have a somewhat thin skeletal structure. (Dex +2, Stealth+)
Your mind is acute. (Int +4, Str/Dex -1)
You are frail. (-10% HP)
You passively dampen the noise of your surroundings.


Message History

The hellwing misses you.
The hellwing hits you but does no damage.
Okay, then.
Unknown command.
You feel much better. The cyclops misses you.
The orc warrior hits you from afar with a +0 trident.
The hellwing hits you!
The hellwing hits you but does no damage.
The orc sorcerer hits you but does no damage.
The chaos spawn closely misses you.
The orange demon stings you but does no damage.
You punch the orc warrior! You claw the orc warrior.
You headbutt the orc warrior, but do no damage.
The orc warrior is moderately wounded.
The orc no longer looks unusually strong.
The cyclops barely misses you.
You spin and attack the orc warrior.
You barely miss the orc warrior. You headbutt the orc warrior!
The orc warrior is almost dead.
You spin and attack the hellwing.
You hit the hellwing but do no damage.
You claw the hellwing, but do no damage.
Your headbutt misses the hellwing.
The hellwing is moderately wounded.
The orc sorcerer no longer looks unusually strong.
The orc grunts loudly, as Orcs often do.
The orc warrior hits you with a +0 war axe of venom!
* * * LOW HITPOINT WARNING * * *
You are poisoned.
The hellwing hits you!
* * * LOW HITPOINT WARNING * * *
The hellwing hits you but does no damage.
The orc warlord roars a battlecry!
The orcs go into a battle-frenzy!
You feel much better.
Your transformation is almost over.
You feel very sick.
The orc warrior hits you with a +0 war axe of venom.
You are more poisoned.
The orc knight hits you with a +0 great mace!!!
You die...

....... .......
....... #.......
.......###.......
......)..........
.##..4).oo.......
#...oooToo....##
##.....o4C....#
#.....ooo#####
##...o44@.#
##....##.# ##...#
## ##... ##.# ###


You could see an orc warlord, an orc knight (strong), 2 orange demons, a
cyclops, a hellwing (summoned), a troll, a chaos spawn (summoned), 2 orc
sorcerers, 3 orc warriors, an orc priest (strong) and 4 orcs.

Vanquished Creatures
  Harold (D:11)
  An ice dragon (Lair:4)
  Erica (D:9)
  4 catoblepae
  2 two-headed ogres
  4 death yaks (Lair:5)
  A deep troll shaman (Lair:5)
  6 skysharks
  Pikel (D:4)
  A lindwurm (Lair:5)
  A cyclops (D:11)
  2 merfolk sirens (Lair:2)
  8 elephants
  A black mamba (Lair:4)
  10 cane toads
  An ice statue (IceCv)
  A gargoyle (D:10)
  7 komodo dragons
  A rime drake (Lair:3)
  2 trolls
  2 polar bears
  Prince Ribbit (D:5)
  13 blink frogs
  4 dream sheep (Lair:4)
  2 shadows
  6 wyverns
  A water elemental (D:11)
  21 yaks
  A steam dragon (D:8)
  2 death yak simulacra (IceCv)
  2 harpy simulacra (IceCv)
  2 hydra simulacra (IceCv)
  10 water moccasins
  A black bear (Lair:5)
  An ice beast (D:5)
  3 orc warriors
  3 sky beasts
  20 wolves
  4 centaurs
  2 ogres
  A phantom (D:6)
  A kobold brigand (D:7)
  2 gnoll sergeants (D:8)
  13 bullfrogs
  2 scorpions
  10 two-headed ogre simulacra (IceCv)
  2 cane toad simulacra (IceCv)
  5 wights (D:9)
  3 elephant simulacra (IceCv)
  5 killer bees (D:7)
  4 electric eels
  4 howler monkeys
  8 hounds
  4 jellies
  A gnoll bouda (D:8)
  5 orc priests
  Crazy Yiuf (D:3)
  7 iguanas
  3 orc wizards
  5 troll simulacra (IceCv)
  5 spriggan simulacra (IceCv)
  A polar bear simulacrum (IceCv)
  4 wolf simulacra (IceCv)
  18 gnolls
  6 adders
  5 naga simulacra (IceCv)
  7 white imps
  3 ufetubi (IceCv)
  A worm (D:4)
  3 dart slugs
  24 orcs
  8 endoplasms
  2 giant cockroaches
  7 goblins
  5 hobgoblins
  8 jackals
  A quokka (D:1)
  4 ball pythons
  2 bats
  4 frilled lizards
  9 kobolds
  4 rats
374 creatures vanquished.

Vanquished Creatures (collateral kills)
  A reaper (IceCv)
  2 merfolk sirens (Lair:2)
  A komodo dragon (Lair:2)
  An anaconda simulacrum (IceCv)
  A hydra simulacrum (IceCv)
  A bullfrog (Lair:4)
  2 two-headed ogre simulacra (IceCv)
  A spriggan simulacrum (IceCv)
  An ufetubus (IceCv)
11 creatures vanquished.

Vanquished Creatures (others)
  A polar bear (Lair:4)
  A wolf (Lair:2)
  An orc (D:11)
  9 fungi
  55 plants
  6 withered plants (D:10)
73 creatures vanquished.

Grand Total: 458 creatures vanquished

Notes
Turn   | Place    | Note
-------+----------+-------------------------------------------
     0 | D:1      | browni3141 the Demonspawn Gladiator began the quest for the
                  | Orb.
     0 | D:1      | Reached XP level 1. HP: 16/16 MP: 1/1
    67 | D:1      | Reached skill level 1 in Stealth
   216 | D:1      | Gained mutation: You have large cloven feet. [demonic
                  | ancestry]
   216 | D:1      | Reached XP level 2. HP: 22/22 MP: 2/2
   818 | D:1      | Reached XP level 3. HP: 27/27 MP: 3/3
  1099 | D:2      | Reached skill level 1 in Short Blades
  1582 | D:2      | Identified the +4 whip of Peace {venom, Dex+5}
  1904 | D:2      | Gained mutation: You are partially covered in razor-sharp
                  | scales. (AC +1, Slay +1) [demonic ancestry]
  1904 | D:2      | Reached XP level 4. HP: 30/33 MP: 4/4
  2069 | D:3      | Reached skill level 1 in Maces & Flails
  2516 | D:3      | Found Yzem's Assorted Antiques.
  2524 | D:3      | Bought a scroll labelled MAOLAZACAE for 23 gold pieces
  2524 | D:3      | Bought a white potion for 20 gold pieces
  2524 | D:3      | Bought a glowing black potion for 20 gold pieces
  2524 | D:3      | Bought a scroll labelled FAMETIRCH KUMI for 23 gold pieces
  2579 | D:3      | Noticed an angel
  2621 | D:3      | Found a runed translucent door.
  2622 | D:3      | Noticed Crazy Yiuf
  3566 | D:3      | Killed Crazy Yiuf
  3567 | D:3      | Reached XP level 5. HP: 25/38 MP: 3/5
  3637 | D:4      | Reached skill level 1 in Armour
  3735 | D:4      | Noticed an ogre
  3737 | D:4      | Found Cippeib's Antique Armour Emporium.
  4069 | D:4      | Killed an ogre
  4070 | D:4      | Reached XP level 6. HP: 45/45 MP: 6/6
  4131 | D:4      | Found a stormy altar of Qazlal.
  4326 | D:4      | Noticed Pikel
  4341 | D:4      | Killed Pikel
  4342 | D:4      | Reached skill level 5 in Maces & Flails
  4342 | D:4      | Gained mutation: You are mostly covered in razor-sharp
                  | scales. (AC +2, Slay +2) [demonic ancestry]
  4342 | D:4      | Reached XP level 7. HP: 31/54 MP: 3/7
  4672 | D:5      | Entered Level 5 of the Dungeon
  4819 | D:5      | Noticed Prince Ribbit
  4842 | D:5      | Killed Prince Ribbit
  4843 | D:5      | Reached skill level 5 in Fighting
  4843 | D:5      | Gained mutation: You have hoof-like feet. [demonic
                  | ancestry]
  4843 | D:5      | Reached XP level 8. HP: 35/63 MP: 5/8
  5101 | D:5      | Found a staircase to the Ecumenical Temple.
  5579 | Temple   | Entered the Ecumenical Temple
  5902 | Temple   | Became a worshipper of the Wu Jian Council
  6182 | D:6      | Identified the +1 dagger "Tassuapn" {vamp, rPois rC+ Dex+2}
  6928 | D:7      | Reached skill level 5 in Stealth
  6928 | D:7      | Reached XP level 9. HP: 74/74 MP: 9/9
  6931 | D:7      | Learned a level 2 spell: Wereblood
  6933 | D:7      | Learned a level 1 spell: Beastly Appendage
  6967 | D:7      | Reached skill level 1 in Spellcasting
  6967 | D:7      | Reached skill level 1 in Transmutations
  7173 | D:7      | You fall into a shaft and drop 2 floors!
  7185 | D:9      | Noticed a two-headed ogre
  7195 | D:9      | Reached * piety under Wu Jian
  7698 | D:4      | Bought a glowing helmet for 195 gold pieces
  8178 | D:7      | Reached skill level 1 in Evocations
  8529 | D:8      | Reached ** piety under Wu Jian
  8544 | D:8      | Gained mutation: You regenerate a little health from kills.
                  | [demonic ancestry]
  8544 | D:8      | Reached XP level 10. HP: 74/80 MP: 9/14
  8833 | D:9      | Reached skill level 5 in Evocations
  9100 | D:9      | Reached skill level 5 in Armour
  9167 | D:9      | Noticed Erica
  9184 | D:9      | Killed Erica
  9525 | D:10     | Entered Level 10 of the Dungeon
  9570 | D:10     | Noticed a two-headed ogre
  9609 | D:10     | Reached skill level 5 in Dodging
  9619 | D:10     | Killed a two-headed ogre
  9730 | D:10     | Noticed a gargoyle
  9768 | D:10     | Killed a gargoyle
  9811 | D:9      | Killed a two-headed ogre
  9812 | D:9      | Reached XP level 11. HP: 86/86 MP: 15/15
  9998 | D:10     | Noticed Erolcha
 10001 | D:10     | Found an ancient bone altar of Kikubaaqudgha.
 10002 | D:10     | Noticed a two-headed ogre
 10362 | D:11     | Noticed Harold
 10741 | D:11     | Found a staircase to the Orcish Mines.
 10741 | D:11     | Found a staircase to the Lair.
 10826 | D:11     | Killed Harold
 10827 | D:11     | Reached skill level 5 in Unarmed Combat
 11037 | D:11     | Found a hazy altar of Hepliaklqana.
 11488 | Lair:1   | Entered Level 1 of the Lair of Beasts
 11683 | Lair:1   | Reached *** piety under Wu Jian
 12012 | Lair:1   | Reached skill level 5 in Transmutations
 12861 | Lair:2   | Found a runed translucent gate.
 12861 | Lair:2   | Found a runed translucent gate.
 12862 | Lair:2   | Found a runed translucent gate.
 12863 | Lair:2   | Noticed a ten-headed hydra
 12869 | Lair:2   | Noticed Smoke131's ghost (journeyman OgGl)
 12871 | Lair:2   | Noticed a ten-headed hydra
 13146 | Lair:2   | Found a staircase to the Snake Pit.
 13173 | Lair:2   | Noticed a catoblepas
 13200 | Lair:2   | Killed a catoblepas
 13212 | Lair:2   | Found a frozen archway.
 13226 | Lair:2   | Gained mutation: You are completely covered in razor-sharp
                  | scales. (AC +3, Slay +3) [demonic ancestry]
 13226 | Lair:2   | Reached XP level 12. HP: 35/92 MP: 6/16
 13243 | IceCv    | Entered an ice cave
 13588 | IceCv    | Reached **** piety under Wu Jian
 14160 | IceCv    | Noticed a reaper
 14215 | IceCv    | Killed a reaper
 15169 | Lair:2   | Found a staircase to the Shoals.
 17475 | Lair:4   | Noticed a catoblepas
 17493 | Lair:4   | Killed a catoblepas
 17494 | Lair:4   | Reached XP level 13. HP: 64/100 MP: 9/17
 17628 | Lair:4   | Found a runed translucent door.
 17628 | Lair:4   | Found a viscous altar of Jiyva.
 18400 | Lair:4   | Found a transporter.
 18401 | Lair:4   | Found a transporter.
 18405 | Lair:4   | Found a staircase to the Slime Pits.
 18405 | Lair:4   | Noticed an azure jelly
 18491 | Lair:4   | Reached skill level 10 in Unarmed Combat
 18619 | Lair:4   | Gained mutation: You do not regenerate when monsters are
                  | visible. [potion of mutation]
 18619 | Lair:4   | Gained mutation: You have hidden genetic defects. [potion
                  | of mutation]
 18620 | Lair:4   | Lost mutation: You have hidden genetic defects. [potion of
                  | mutation]
 18620 | Lair:4   | Lost mutation: You do not regenerate when monsters are
                  | visible. [potion of mutation]
 18620 | Lair:4   | Gained mutation: Armour fits poorly on your strangely
                  | shaped body. [potion of mutation]
 18620 | Lair:4   | Gained mutation: Your system is resistant to poisons.
                  | (rPois) [potion of mutation]
 18620 | Lair:4   | Gained mutation: You are weak. (Str -2) [potion of
                  | mutation]
 18620 | Lair:4   | Gained mutation: Your spells are a little harder to cast,
                  | but a little more powerful. [potion of mutation]
 18621 | Lair:4   | Lost mutation: Your system is resistant to poisons. (rPois)
                  | [potion of mutation]
 18621 | Lair:4   | Lost mutation: You are weak. (Str -2) [potion of mutation]
 18621 | Lair:4   | Gained mutation: Your spells are harder to cast, but more
                  | powerful. [potion of mutation]
 18621 | Lair:4   | Gained mutation: You are robust. (+10% HP) [potion of
                  | mutation]
 18621 | Lair:4   | Lost mutation: You are robust. (+10% HP) [potion of
                  | mutation]
 18622 | Lair:4   | Lost mutation: Your spells are harder to cast, but more
                  | powerful. [potion of mutation]
 18622 | Lair:4   | Lost mutation: Armour fits poorly on your strangely shaped
                  | body. [potion of mutation]
 18622 | Lair:4   | Lost mutation: Your spells are a little harder to cast, but
                  | a little more powerful. [potion of mutation]
 18622 | Lair:4   | Gained mutation: You have a somewhat thin skeletal
                  | structure. (Dex +2, Stealth+) [potion of mutation]
 18622 | Lair:4   | Gained mutation: Your mind is acute. (Int +4, Str/Dex -1)
                  | [potion of mutation]
 18622 | Lair:4   | Gained mutation: You are frail. (-10% HP) [potion of
                  | mutation]
 18622 | Lair:4   | Gained mutation: You passively dampen the noise of your
                  | surroundings. [potion of mutation]
 18670 | Lair:5   | Entered Level 5 of the Lair of Beasts
 19187 | Lair:5   | Reached ***** piety under Wu Jian
 19431 | Lair:5   | Reached skill level 10 in Fighting
 20156 | Lair:5   | Reached skill level 10 in Dodging
 20311 | Lair:5   | Got the Octavo of the Moving Mausoleum
 20555 | Orc:1    | Entered Level 1 of the Orcish Mines
 20555 | Orc:1    | Noticed an orc warlord
 20561 | Orc:1    | Paralysed by an orc sorcerer for 4 turns
 20569 | Orc:1    | Slain by an orc knight

Illustrated notes

Levels and vault maps discovered:
D:1:      dpeg_arrival_stonehenge_8_columns, layout_loops_corners,
          minmay_liquid_box
D:2:      layout_basic
D:3:      layout_loops_ring, zin_angel, serial_shops, shop,
          uniq_crazy_yiuf_cottage
D:4:      layout_basic, mainiacjoe_overflow_alcove_4, serial_shops,
          kennysheep_mini, serial_bayou, serial_bayou_pond_c,
          serial_bayou_shore_b, serial_bayou_pond_e, serial_bayou_crossing,
          serial_bayou_pond_b, serial_bayou_lagoon_a, uniq_pikel
D:5:      layout_basic, minmay_temple_entry_gardened_gates, uniq_prince_ribbit1
D:6:      layout_loops_corners, kennysheep_decorative_pillar
D:7:      layout_loops_ring, nicolae_elyvilon_temple_path
D:8:      layout_cave_pools
D:9:      layout_roguey, uniq_erica
D:10:     layout_loops_ring, kiku_gazebo_garden_becter, uniq_erolcha
D:11:     layout_basic, erik_lair_island, orc_0_dummy,
          nzn_hepliaklqana_mist_gate, uniq_harold
Temple:   hc_temple_tempest_star
Lair:1:   layout_layer_cave, serial_bayou, serial_bayou_shore_a,
          serial_bayou_pond_d, serial_bayou_pond_b, serial_bayou_ford_a,
          minivault_27
Lair:2:   layout_regular_city, elwin_shoals_entry_stream, dummy_snake_entry,
          portal_ice_cave_entry_pillars_1, gammafunk_ghost_hydra_chop,
          minivault_25
Lair:3:   layout_cave_pods, grunt_megastairs_4, infiniplex_staircase_pool_2
Lair:4:   gammafunk_boulding_lane, layout_gridlike, slime_entry_2, minivault_11,
          bobbens_ice_dragon_lair
Lair:5:   grunt_lair_end_beastmaster, layout_gridlike, lemuel_fruit_tree
Orc:1:    layout_diamond_mine, serial_shops, shop

Skill      XL: |  1  2  3  4  5  6  7  8  9 10 11 12 13 |
---------------+----------------------------------------+-----
Stealth        | 1 2 5 6 |  6.0
Throwing       | 2 |  2.0
Dodging        | 3 6 8 10 | 10.1
Unarmed Combat | 3 7 9 10 | 10.0
Short Blades   | 1 |  1.5
Maces & Flails | 2 3 5 |  5.0
Armour         | 3 6 7 8 |  8.8
Fighting       | 4 5 7 8 10 | 10.4
Spellcasting   | 3 |  3.0
Transmutations | 4 6 8 |  8.0
Evocations     | 4 5 |  5.0

Action                     |  1- 3 |  4- 6 |  7- 9 | 10-12 | 13-15 || total
---------------------------+-------+-------+-------+-------+-------++-------
  Melee: Unarmed           |    44 |       |       |   429 |   385 ||   858
         Punch             |     2 |     2 |     8 |    49 |    26 ||    87
         Dagger            |    36 |       |       |     2 |       ||    38
         Kick              |     9 |       |       |   106 |   121 ||   236
         Whip              |    15 |    81 |   298 |   391 |       ||   785
         Headbutt          |       |       |     3 |    72 |    80 ||   155
  Throw: Stone             |     6 |       |       |       |       ||     6
         Throwing net      |     2 |     3 |       |       |       ||     5
         Javelin           |     1 |     2 |       |       |       ||     3
         Dart              |       |    13 |     9 |       |       ||    22
   Cast: Wereblood         |       |       |     3 |    33 |    14 ||    50
         Beastly Appendage |       |       |     2 |    24 |    18 ||    44
 Invoke: Serpent's Lash    |       |       |       |     6 |     2 ||     8
Ability: Lunge             |       |       |    20 |    36 |    15 ||    71
         Whirlwind         |       |       |    15 |   392 |   258 ||   665
         Wall Jump         |       |       |       |    12 |     3 ||    15
         End Transformatio |       |       |       |     1 |       ||     1
  Evoke: Wand              |       |       |       |    42 |    16 ||    58
    Use: Scroll            |       |       |       |    20 |     3 ||    23
         Potion            |       |       |       |       |    10 ||    10
   Stab: Sleeping          |       |     2 |     2 |     1 |     4 ||     9
         Distracted        |       |       |     1 |     1 |       ||     2
         Invisible         |       |       |       |     3 |       ||     3
         Petrified         |       |       |       |     4 |     4 ||     8
         Petrifying        |       |       |       |     1 |     1 ||     2
 Armour: Leather armour    |    20 |     3 |       |       |       ||    23
         Scale mail        |       |    26 |   107 |       |       ||   133
         Chain mail        |       |       |    30 |   134 |    44 ||   208
         Ring mail         |       |       |       |   144 |       ||   144
         Robe              |       |       |       |    31 |       ||    31
         Ice dragon scales |       |       |       |       |   148 ||   148
  Dodge: Dodged            |    58 |    33 |   135 |   469 |   177 ||   872

Table legend: (Time is in decaauts)
 A = Elapsed time spent in this place.
 B = Non-inter-level travel time spent in this place.
 C = Inter-level travel time spent in this place.
 D = Time resting spent in this place.
 E = Time spent auto-exploring this place.
 F = Levels seen in this place.
 G = Mean time per level.
                   A        B        C        D        E       F      G
               +--------+--------+--------+--------+--------+-----+--------+
         Total |  20577 |  19445 |   1132 |   2671 |  12525 |  19 | 1083.0 |
       Dungeon |  11138 |  10257 |    881 |    747 |   7350 |  11 | 1012.5 |
        Temple |    338 |    299 |     39 |      0 |    282 |   1 |  338.0 |
          Lair |   7630 |   7420 |    210 |   1248 |   4647 |   5 | 1526.0 |
  Orcish Mines |     14 |     14 |      0 |      0 |      0 |   1 |   14.0 |
      Ice Cave |   1454 |   1454 |      0 |    675 |    245 |   1 | 1454.0 |
               +--------+--------+--------+--------+--------+-----+--------+

Top non-repeatable levels by time:
  Lair:5: 1646 daAuts
  Lair:3: 1643 daAuts
  Lair:4: 1475 daAuts
  Lair:2: 1468 daAuts
   IceCv: 1454 daAuts
  Lair:1: 1395 daAuts
     D:3: 1385 daAuts
     D:4: 1242 daAuts
    D:11: 1230 daAuts
     D:2: 1065 daAuts
     D:1: 1035 daAuts
     D:9: 1024 daAuts
     D:6: 998 daAuts
     D:7: 997 daAuts
     D:5: 952 daAuts
